 Dungeon Crawl Stone Soup version 0.29.1-12-g30fa7ad0bf (webtiles) character file.

Game seed: 12175618220968299635

56 fantasyman the Insei (level 3, 0/27 HPs)
             Began as a Demigod Transmuter on Jan 6, 2023.
             Slain by a gnoll
             ... wielding a +0 spear
              (7 damage)
             ... on level 3 of the Dungeon.
             The game lasted 00:02:20 (2136 turns).

fantasyman the Insei (Demigod Transmuter)           Turns: 2136, Time: 00:02:21

Health: 0/27       AC:  2    Str: 11    XL:     3   Next: 47%
Magic:  9/9        EV: 12    Int: 19    God:
Gold:   97         SH:  0    Dex: 14    Spells: 3/6 levels left

rFire   . . .      SeeInvis .     - Unarmed
rCold   . . .      Faith    .   (no shield)
rNeg    . . .      Spirit   .   a - +0 robe
rPois   .          Reflect  .   (no helmet)
rElec   .          Harm     .   (no cloak)
rCorr   .          Rampage  .   (no gloves)
Will    .....                   (no boots)
Stlth   +.........              (no amulet)
HPRegen 0.09/turn               (no ring)
MPRegen 0.11/turn               (no ring)

@: no status effects
A: high MP 1, forlorn, divine attributes
a: no special abilities


You were on level 3 of the Dungeon.
You visited 1 branch of the dungeon, and saw 3 of its levels.

You collected 97 gold pieces.

Inventory:

Armour
 a - a +0 robe (worn)
Jewellery
 f - a ring of positive energy
Scrolls
 d - a scroll of identify {unknown}
 g - a scroll of teleportation {unknown}
 i - a scroll of magic mapping {unknown}
Potions
 b - a potion of lignification
 c - 2 potions of might {unknown}
 e - a potion of flight {unknown}
 h - a potion of magic {unknown}
 j - a potion of ambrosia {unknown}
 k - a potion of degeneration {unknown}


   Skills:
 + Level 0.9 Fighting
 + Level 2.0 Dodging
 + Level 0.3 Stealth
 + Level 3.2 Unarmed Combat
 + Level 2.3 Spellcasting
 + Level 2.3 Transmutations


You had 3 spell levels left.
You knew the following spells:

 Your Spells              Type           Power      Damage    Failure   Level
a - Beastly Appendage     Tmut           22%        N/A       6%          1
b - Wereblood             Tmut           11%        N/A       10%         2

Your spell library contained the following spells:

 Spells                   Type           Power      Damage    Failure   Level
 Magic Dart               Conj           8%         1d3       16%         1
 Searing Ray              Conj           4%         2d4       24%         2
 Spider Form              Tmut/Pois      6%         N/A       30%         3
 Ice Form                 Ice/Tmut       6%         N/A       69%         4
 Fulminant Prism          Conj/Hex       1%         3d6       85%         4


Dungeon Overview and Level Annotations

Branches:
Dungeon (3/15)


Innate Abilities, Weirdness & Mutations

You have an increased reservoir of magic. (+10% MP)
You shall have no god before yourself.
Your divine heritage dramatically boosts your attributes as you level up.


Message History

You hit the hobgoblin but do no damage. You headbutt the hobgoblin.
The hobgoblin is severely wounded.
The hobgoblin hits you but does no damage.
You closely miss the hobgoblin. You claw the hobgoblin.
You kill the hobgoblin!
You open the door.
Your transformation is almost over.
There is an open door here.
Found a robe.
No target in view!
Your horns disappear.
Your talons disappear.
A gnoll comes into view.
It is wielding a +4 spear. 2 gnolls come into view.
The gnoll shouts!
The gnoll hits you from afar with a +4 spear.
There are monsters nearby!
The gnoll hits you with a +4 spear!
There are monsters nearby!
What are your orders? t - Shout!
Orders for allies: a - Attack new target. r - Retreat! s - Stop attacking. g - Guard the area. f - Follow me.
Anything else - Cancel.
Okay, then.
Unknown command.
The gnoll barely misses you.
You miscast Beastly Appendage.
You are very lightly contaminated with residual magic.
Nothing appears to happen.
The gnoll hits you from afar with a +4 spear.
The gnoll hits you from afar with a +0 spear!
* * * LOW HITPOINT WARNING * * *
Your magical contamination has completely faded away.
There is an open door here.
There is a stone staircase leading up here.
Okay, then.
You can't go down here!
The gnoll hits you from afar with a +0 spear!
You die...

#.#######.# .. #.#
#.# #. ##'## #.# #.
##...## #[#####.
##.....## ##.......
##.......###........
#.........##.#...#..
+.......g.'.........
#..@.gg.†.##.#...#..
##.......###.#......
##....[## #.#..##.#
##...## #.#..##.#
##+## #.......#
###...... #.##### #.


You could see 3 gnolls.

Vanquished Creatures
  An adder (D:2)
  2 worms (D:2)
  3 dart slugs (D:1)
  4 ball pythons
  A bat (D:1)
  2 endoplasms (D:1)
  A giant cockroach (D:2)
  4 goblins
  2 hobgoblins
  3 quokkas (D:1)
  4 frilled lizards
  2 kobolds (D:1)
  6 rats
35 creatures vanquished.

Notes
Turn   | Place    | Note
-------+----------+-------------------------------------------
     0 | D:1      | fantasyman the Demigod Transmuter began the quest for the
                  | Orb.
     0 | D:1      | Reached XP level 1. HP: 15/15 MP: 5/5
   333 | D:1      | Reached XP level 2. HP: 18/22 MP: 5/7
   457 | D:1      | Reached skill level 3 in Unarmed Combat
   460 | D:1      | Learned a level 2 spell: Wereblood
  1337 | D:2      | Reached XP level 3. HP: 15/27 MP: 6/8
  2136 | D:3      | Slain by a gnoll

Illustrated notes

Levels and vault maps discovered:
D:1:      dpeg_arrival_shelter, layout_loops_cross, minmay_pentomino_r2
D:2:      layout_basic, grunt_decor_cap, minmay_stone_trees_small
D:3:      layout_loops_corners, basic_ecumenical_altar,
          ebering_ghost_disaster_area, nicolae_wormholes

Skill      XL: |  1  2 |
---------------+-------+-----
Spellcasting   | 2 |  2.3
Transmutations | 2 |  2.3
Unarmed Combat | 3 |  3.2
Dodging        | 2 |  2.0
Fighting       | |  0.9
Stealth        | |  0.3

Action                   || total
-------------------------++-------
Melee: Unarmed           ||    94
       Kick              ||    21
       Headbutt          ||    11
       Punch             ||     2
 Cast: Beastly Appendage ||    28
 Stab: Sleeping          ||     4
Armor: Robe              ||    10
Dodge: Dodged            ||    55
